 Dungeon Crawl Stone Soup version 0.32-a0-799-g95e1662365 (webtiles) character file.

Game seed: 9916366778084532360

148 javelincjr the Conjurer (level 4, 0/33 HPs)
             Began as a Demigod Conjurer on Mar 21, 2024.
             Slain by Duvessa
             ... wielding a +0 short sword
              (8 damage)
             ... on level 4 of the Dungeon.
             The game lasted 00:09:33 (3600 turns).

javelincjr the Conjurer (Demigod Conjurer)          Turns: 3600, Time: 00:09:34

Health: 0/33       AC:  3    Str:  8    XL:     4   Next: 82%
Magic:  2/10       EV:  8    Int: 24    God:
Gold:   238        SH:  7    Dex: 12    Spells: 5/8 levels left

rFire   . . .        e - +2 dagger (venom)
rCold   . . .        m - +0 kite shield
rNeg    . . .        a - +0 robe
rPois   .            (no helmet)
rElec   .            (no cloak)
rCorr   .            n - +0 pair of gloves
SInv    .            (no boots)
Will    .....        (no amulet)
Stlth   +            f - ring of flight
HPRegen 0.25/turn    (no ring)
MPRegen 0.12/turn

%: no passive effects
@: lit by a corona, flying, glowing
A: high MP 1, forlorn, divine attributes
a: no special abilities


You were on level 4 of the Dungeon.
You visited 1 branch of the dungeon, and saw 4 of its levels.

You collected 238 gold pieces.

Inventory:

Hand Weapons
 e - a +2 dagger of venom (weapon)
Missiles
 q - 3 javelins
Armour
 a - a +0 robe (worn)
 m - a +0 kite shield (worn)
 n - a +0 pair of gloves (worn)
Jewellery
 f - a ring of flight (left hand)
Talismans
 k - a dragon-blood talisman
Scrolls
 d - 2 scrolls of noise {unknown}
 h - a scroll of silence {unknown}
 j - 9 scrolls of identify {unknown}
 o - a scroll of blinking {unknown}
 p - a scroll of vulnerability {unknown}
 s - a scroll of teleportation {unknown}
Potions
 b - a potion of magic
 c - a potion of cancellation {unknown}
 g - a potion of resistance {unknown}
 i - 2 potions of attraction {unknown}
 l - a potion of might {unknown}
 r - a potion of haste {unknown}


   Skills:
 + Level 2.3 Dodging
 + Level 2.7 Stealth
 + Level 1.0 Shields
 * Level 2.7 Spellcasting
 * Level 4.4 Conjurations
 - Level 0.2 Shapeshifting


You had 5 spell levels left.
You knew the following spells:

 Your Spells              Type           Power      Damage    Failure   Level
a - Magic Dart            Conj           96%        1d7       12%         1
b - Searing Ray           Conj           48%        2d6       19%         2

Your spell library contained the following spells:

 Spells                   Type           Power      Damage    Failure   Level
 Fulminant Prism          Conj/Alch      6%         3d7       97%         4
 Iskenderun's Mystic Bla  Conj/Tloc      13%        2d5       97%         4


Dungeon Overview and Level Annotations

Branches:
Dungeon (4/15)
 Temple: D:4-7

Shops:
D:2 =

Annotations:
D:4 Duvessa


Innate Abilities, Weirdness & Mutations

You have an increased reservoir of magic. (+10% MP)
You shall have no god before yourself.
Your divine heritage dramatically boosts your attributes as you level up.


Message History

Duvessa shouts!
You hear a shout!
Duvessa zaps a wand.
The puff of flame hits you.
The magic dart hits Duvessa but does no damage.
The magic dart hits Dowan.
Dowan is lightly wounded.
Duvessa zaps a wand.
You block the puff of flame. Dowan casts a spell at you.
You are outlined in light.
Casting: Magic Dart (safe; 12% risk of failure)
Confirm with . or Enter, or press ? or * to list all spells.
Aiming: Searing Ray (safe; 19% risk of failure)
Press: ? - help, Shift-Dir - straight line, f/p - Dowan
Aim: Dowan, wielding a +0 dagger of holy wrath and wearing a +0 robe (lightly wounded, 71% to hit)
The searing ray hits Dowan.
Dowan is moderately wounded. (Press . to maintain the ray.)
The searing ray hits Dowan.
Dowan is heavily wounded.
The searing ray hits Dowan.
Dowan is severely wounded.
Dowan casts a spell at you. The puff of flame hits you!
The searing ray hits Dowan.
Dowan is almost dead.
You finish channelling your searing ray.
Dowan casts a spell at you. The puff of frost hits you!
* * * LOW HITPOINT WARNING * * *
Casting: Searing Ray (safe; 19% risk of failure)
Confirm with . or Enter, or press ? or * to list all spells.
Aiming: Searing Ray (safe; 19% risk of failure)
Press: ? - help, Shift-Dir - straight line, f/p - Dowan
Aim: Dowan, wielding a +0 dagger of holy wrath and wearing a +0 robe (almost dead, 71% to hit)
The searing ray hits Dowan!
You kill Dowan!
Duvessa screams in rage.
Duvessa goes berserk! (Press . to maintain the ray.) Duvessa hits you with a +0 short sword!
You die...

#.## ##.# ##.## ###
...# #### ##.# ##.#
#..## ...## #.###.##
####....[ ###.##
#.....# #######........
##.###....##
##...#..........
#...#..###
##)###...........
##>....# ##.##
#...e....... ##....#
#@## #.....e......
##...##
#e###.............
###..##
##.#..............
##..# #................
##.###
#................
##..###................
##............
##........... ##
##...........


You could see Duvessa (berserk).

Vanquished Creatures
  Dowan (D:4)
  A howler monkey (D:4)
  A hound (D:4)
  A ribbon worm (D:1)
  A dart slug (D:1)
  3 orcs (D:3)
  4 bats
  5 endoplasms
  4 giant cockroaches
  6 goblins
  6 hobgoblins
  8 jackals
  4 kobolds
  2 quokkas
  7 ball pythons
  5 frilled lizards
  6 rats
65 creatures vanquished.

Notes
Turn   | Place    | Note
-------+----------+-------------------------------------------
     0 | D:1      | javelincjr the Demigod Conjurer began the quest for the
                  | Orb.
     0 | D:1      | Reached XP level 1. HP: 14/14 MP: 5/5
   373 | D:1      | Reached XP level 2. HP: 20/20 MP: 4/7
  1260 | D:2      | Reached skill level 4 in Conjurations
  1260 | D:2      | Reached XP level 3. HP: 26/26 MP: 6/8
  1297 | D:2      | Found Boluteh's Jewellery Emporium.
  1338 | D:2      | Learned a level 2 spell: Searing Ray
  3227 | D:4      | Reached XP level 4. HP: 17/33 MP: 0/10
  3338 | D:4      | Reached skill level 1 in Shields
  3575 | D:4      | Noticed Dowan
  3580 | D:4      | Noticed Duvessa
  3600 | D:4      | Killed Dowan
  3600 | D:4      | Slain by Duvessa

Illustrated notes

Levels and vault maps discovered:
D:1:      dpeg_arrival_rooms_b, layout_basic
D:2:      layout_basic, serial_shops, nicolae_shop_tiny_waterfront
D:3:      layout_loops_cross, chequers_ecumenical_altar_simple_redux
D:4:      layout_layer_cave, uniq_duvessa

Skill      XL: |  1  2  3  4 |
---------------+-------------+-----
Stealth        | 2 |  2.7
Dodging        | 2 |  2.3
Spellcasting   | 2 |  2.7
Conjurations   | 4 |  4.4
Shields        | 1 |  1.0
Shapeshifting  | |  0.2

Action                     |  1- 3 |  4- 6 || total
---------------------------+-------+-------++-------
  Melee: Dagger            |    44 |     1 ||    45
   Cast: Magic Dart        |    98 |    13 ||   111
         Searing Ray       |     1 |     3 ||     4
 Armour: Robe              |    37 |     4 ||    41
  Dodge: Dodged            |    28 |       ||    28
  Block: Kite shield       |    22 |     1 ||    23

Table legend: (Time is in decaauts)
 A = Elapsed time spent in this place.
 B = Non-inter-level travel time spent in this place.
 C = Inter-level travel time spent in this place.
 D = Time resting spent in this place.
 E = Time spent auto-exploring this place.
 F = Levels seen in this place.
 G = Mean time per level.
                   A        B        C        D        E       F      G
               +--------+--------+--------+--------+--------+-----+--------+
         Total |   3609 |   3474 |    135 |    103 |   2952 |   4 |  902.2 |
       Dungeon |   3609 |   3474 |    135 |    103 |   2952 |   4 |  902.2 |
               +--------+--------+--------+--------+--------+-----+--------+

Top non-repeatable levels by time:
     D:1: 1069 daAuts
     D:2: 1002 daAuts
     D:3: 817 daAuts
     D:4: 720 daAuts
